 Dungeon Crawl Stone Soup version bcrawl-1.21.2-28-g2cb1824106 (webtiles) character file.

Game seed: 7879532468689490579

3599 MisterOstroum the Fighter (level 9, -7/74 HPs)
             Began as a Demonspawn Reaver on Mar 6, 2020.
             Was an Elder of Vehumet.
             Mangled by a warg (15 damage)
             ... on level 8 of the Dungeon on Mar 7, 2020.
             The game lasted 00:17:17 (8814 turns).

MisterOstroum the Fighter (Demonspawn Reaver)       Turns: 8814, Time: 00:17:17

Health: -7/74      AC:  9    Str: 14    XL:     9   Next: 85%
Magic:  2/15       EV: 13    Int: 17    God:    Vehumet [****..]
Gold:   82         SH:  5    Dex: 11    Spells: 11/17 levels left

rFire    . . .     SeeInvis .   a - +0 trident
rCold    . . .     Gourm    .   (no shield)
rNeg     . . .     Faith    .   C - +3 leather armour {rPois}
rPois    +         Spirit   .   (helmet restricted)
rElec    .         Reflect  +   (no cloak)
rCorr    .         Harm     .   (no gloves)
MR       .....                  (no boots)
Stlth    +.........             j - +5 amulet of reflection
HPRegen  0.22/turn              (no ring)
MPRegen  0.14/turn              (no ring)

@: no status effects
A: antennae 2, yellow scales 2, demonic guardian 2
a: Renounce Religion


You were on level 8 of the Dungeon.
You worshipped Vehumet.
Vehumet was greatly pleased with you.
You were hungry.

You visited 1 branch of the dungeon, and saw 8 of its levels.
You also visited: Sewer.

You collected 544 gold pieces.
You spent 462 gold pieces at shops.

Inventory:

Hand Weapons
 a - a +0 trident (weapon)
 K - the +6 hand axe "Kiaq" {vamp, +Blink Str+8 Dex-5 SInv, unknown}
   (You found it on level 8 of the Dungeon)

   It inflicts no extra harm, but heals its wielder when it wounds a living foe.
   It affects your strength (+8).
   It affects your dexterity (-5).
   It lets you see invisible.
   It lets you blink.
Missiles
 l - 56 bolts
 m - 1145 stones (quivered)
 n - 1284 arrows
 D - 292 sling bullets
 E - a throwing net {!f!f}
Armour
 b - +0 steam dragon scales
 x - a +0 troll leather armour {Purgy}
 C - a +3 leather armour of poison resistance (worn)
 H - a scarf of cloud immunity
Magical Staves
 v - an uncursed staff of wizardry
Jewellery
 j - a +5 amulet of reflection (around neck)
 t - an uncursed ring of resist corrosion {unknown}
Wands
 s - a wand of flame (22)
Scrolls
 d - 2 scrolls of immolation
 g - 6 scrolls of teleportation
 h - a scroll of fog {unknown}
 i - a scroll of magic mapping {unknown}
 k - 2 scrolls of noise {unknown}
 p - 10 scrolls of identify
 w - a scroll of enchant armour {unknown}
 y - 4 scrolls of remove curse
 F - a scroll of blinking {unknown}
 G - a scroll of amnesia {unknown}
 L - a scroll of enchant weapon
Potions
 c - 3 potions of haste {@q4 !q}
 f - 3 potions of mutation {unknown}
 o - 6 potions of curing {unknown}
 q - 2 potions of agility
 r - a potion of heal wounds {unknown}
 u - 3 potions of lignification {unknown}
 z - 2 potions of berserk rage {unknown}
 A - a potion of flight {unknown}
 B - a potion of might {unknown}
 J - a potion of invisibility
Comestibles
 e - 11 rations {!d}
 I - 9 chunks of flesh


   Skills:
 * Level 8.2 Fighting
 * Level 7.5 Polearms
 - Level 0.4 Armour
 - Level 5.0 Dodging
 + Level 4.5 Spellcasting
 + Level 4.4 Conjurations
 + Level 1.5 Fire Magic
 - Level 3.4 Air Magic


You had 11 spell levels left.
You knew the following spells:

 Your Spells              Type           Power        Failure   Level  Hunger
a - Shock                 Conj/Air       ###..        1%          1    None
b - Magic Dart            Conj           ###.         1%          1    None
c - Sticky Flame          Conj/Fire      ##......     16%         4    ####...

Your spell library contained the following spells:

 Spells                   Type           Power        Failure   Level  Hunger
 Ignite Poison            Fire/Tmut/Pois #.......     13%         3    ###....
 Sandblast                Erth           #.....       5%          1    None
 Stone Arrow              Conj/Erth      ##....       6%          3    ###....
 Passwall                 Tmut/Erth      #.......     28%         2    ##.....
 Iskenderun's Battlesphe  Conj/Chrm      ##......     47%         5    ######.
 Lee's Rapid Deconstruct  Erth           #.........   77%         5    ######.
 Petrify                  Tmut/Erth      #.......     88%         4    ####...


Dungeon Overview and Level Annotations

Branches:
Dungeon (8/12)             Temple (0/1) D:4            Lair (0/6) D:8
    Orc (0/1) D:8

Altars:
Gozag
Kikubaaqudgha
Lugonu
Qazlal
Trog
Uskayaw

Shops:
D:6 %   D:7 (   D:8 *?

Annotations:
D:5 exclusion: downstairs, Sigmund
D:6 exclusion: upstairs


Innate Abilities, Weirdness & Mutations

You have a pair of antennae on your head.
You are mostly covered in yellow scales. (AC +3)
A demonic guardian rushes to your aid.


Message History

Things that are here:
a +0 hand axe; a +0 shortbow There isn't anything to butcher here.
Your magical contamination has completely faded away.
Your sixfirhy disappears in a puff of smoke!
There is an open door here.
A warg comes into view.
The warg howls!
You hear a howl! x2
A warg comes into view.
The warg howls!
You hear a howl!
A warg comes into view.
Found a staircase to the Orcish Mines.
Casting: Sticky Flame (slightly dangerous; 16% risk of failure)
Confirm with . or Enter, or press ? or * to list all spells.
Aiming: Shock (safe; 1% risk of failure)
Press: ? - help, Shift-Dir - straight line, f - warg
Aim: a warg The zap misses the warg.
The warg bites your smoke demon.
The warg closely misses your smoke demon.
Your smoke demon hits the warg.
Your smoke demon misses the warg.
Your smoke demon hits the warg but does no damage.
Attack whom?
Press: ? - help, Dir - move target cursor, f/p - warg
Aim: a warg (lightly wounded)
You reach to attack!
You completely miss the warg.
The warg is lightly wounded.
The warg bites your smoke demon! x2
Attack whom?
Press: ? - help, Dir - move target cursor, f/p - warg
Aim: a warg (lightly wounded)
You reach to attack!
You miss the warg.
The warg is lightly wounded.
The warg bites your smoke demon.
Your smoke demon barely misses the warg.
Your smoke demon hits the warg.
Your smoke demon closely misses the warg.
The warg bites your smoke demon! x2
Your smoke demon dies!
Casting: Shock (safe; 1% risk of failure)
Confirm with . or Enter, or press ? or * to list all spells.
Aiming: Sticky Flame (slightly dangerous; 16% risk of failure)
Press: ? - help, Shift-Dir - straight line, f - warg, p - warg
Aim: a warg The sticky flame hits the warg.
The warg is lightly wounded.
The warg is covered in liquid flames!
You are feeling hungry.
The warg burns!
The warg completely misses you.
You are too injured to fight recklessly!
You hit the warg.
The warg is moderately wounded.
The warg burns!
The warg bites you!
You hit the warg but do no damage.
The warg is moderately wounded.
The warg burns!
The warg closely misses you.
You hit the warg but do no damage.
The warg is heavily wounded.
The warg burns!
The warg stops burning.
A warg comes into view.
The warg bites you.
* * * LOW HITPOINT WARNING * * *
You barely miss the warg.
The warg is severely wounded.
The warg bites you.
* * * LOW HITPOINT WARNING * * *
The warg bites you!
* * * LOW HITPOINT WARNING * * *
You hit the warg but do no damage.
The warg is severely wounded.
The warg bites you.
* * * LOW HITPOINT WARNING * * *
You hit the warg.
The warg is severely wounded.
The warg bites you.
* * * LOW HITPOINT WARNING * * *
Press: ? - help, v - describe, . - travel
Here: a warg (severely wounded)
The floor.
You hit the warg but do no damage.
The warg is severely wounded.
The warg barely misses you.
You hit the warg.
The warg is almost dead.
The warg barely misses you. x2
Casting: Sticky Flame (slightly dangerous; 16% risk of failure)
Confirm with . or Enter, or press ? or * to list all spells.
Aiming: Sticky Flame (slightly dangerous; 16% risk of failure)
Press: ? - help, Shift-Dir - straight line, f/p - warg
Aim: a warg (almost dead)
The sticky flame hits the warg.
The warg is almost dead.
The warg is covered in liquid flames!
The warg burns!
You kill the warg!
Vehumet accepts your kill.
You feel your power returning.
You barely miss the warg. The warg barely misses you.
You puncture the warg!
The warg is moderately wounded.
The warg bites you!
You die...

........'.....#...#
........#.....#.>..
##....>.#.....#...#
##......#.....#...##
..)..§..'.....#....#
.....§.§#.....#....#
........#.....#.{h.#
####....#.....#+#h.#
# #....##......@###
. #.....#.......# .
'.....#.......# .
.#.....#.......#
#.......# #.......#
#.......# #########


You could see 2 wargs.

Vanquished Creatures
  A meliai zombie (D:8)
  Eustachio (D:5)
  A warg (D:8)
  2 ice beasts
  Purgy (Sewer)
  An eye of draining (D:6)
  2 phantoms
  4 ogres
  A centaur (D:8)
  2 bullfrogs (D:7)
  A big kobold (D:6)
  2 scorpions
  5 killer bees (D:7)
  4 howler monkeys
  2 crimson imps
  2 jellies
  3 hounds
  4 orc wizards
  4 orc priests
  An iguana (D:7)
  2 worker ants
  A hound skeleton (D:6)
  2 worker ant zombies
  4 gnolls
  7 adders
  A river rat (D:4)
  2 shadow imps
  4 oozes
  A worm (D:2)
  A dart slug (D:1)
  6 leopard geckos
  26 orcs
  5 giant cockroaches
  6 goblins
  9 hobgoblins
  4 jackals
  12 kobolds
  A quokka (D:2)
  12 bats
  5 frilled lizards
  A jackal zombie (D:5)
  4 rats
160 creatures vanquished.

Vanquished Creatures (collateral kills)
  A hippogriff (D:7)
  A wyvern (D:8)
  A crocodile (D:8)
  A water moccasin (D:6)
  An eye of draining (D:6)
  3 ogres
  A centaur (D:6)
  A bullfrog (D:6)
  A scorpion (D:4)
  2 orc wizards
  An adder (D:4)
  An adder zombie (D:6)
  A worm (D:4)
  7 orcs
  A jackal (D:4)
  A quokka (D:5)
  A bat (D:4)
26 creatures vanquished.

Grand Total: 186 creatures vanquished

Notes
Turn   | Place    | Note
-------+----------+-------------------------------------------
     0 | D:1      | MisterOstroum the Demonspawn Reaver began the quest for the
                  | Orb.
     0 | D:1      | Reached XP level 1. HP: 18/18 MP: 3/3
   121 | D:1      | Gained mutation: You are partially covered in yellow
                  | scales. (AC +2) [demonic ancestry]
   121 | D:1      | Reached XP level 2. HP: 24/24 MP: 5/5
   461 | D:1      | Gained mutation: A weak demonic guardian rushes to your
                  | aid. [demonic ancestry]
   461 | D:1      | Reached XP level 3. HP: 28/29 MP: 6/6
   467 | D:1      | Reached * piety under Vehumet
   467 | D:1      | Offered knowledge of Shock by Vehumet.
  1539 | D:2      | Gained mutation: You are mostly covered in yellow scales.
                  | (AC +3) [demonic ancestry]
  1539 | D:2      | Reached XP level 4. HP: 33/37 MP: 7/7
  1555 | D:2      | Learned a level 1 spell: Shock
  2277 | D:3      | Offered knowledge of Magic Dart by Vehumet.
  2283 | D:3      | Reached ** piety under Vehumet
  2283 | D:3      | Reached skill level 4 in Fighting
  2620 | D:3      | Gained mutation: You have a pair of small antennae on your
                  | head. [demonic ancestry]
  2620 | D:3      | Reached XP level 5. HP: 35/42 MP: 8/8
  2626 | D:3      | Learned a level 1 spell: Magic Dart
  3153 | D:3      | Found an opulent altar of Gozag.
  3500 | D:4      | Found a stormy altar of Qazlal.
  3520 | D:4      | Noticed an ogre
  3523 | D:4      | Gained mutation: You have a pair of antennae on your head.
                  | [demonic ancestry]
  3523 | D:4      | Reached XP level 6. HP: 49/49 MP: 6/9
  3536 | D:4      | Found a staircase to the Ecumenical Temple.
  3596 | D:4      | Offered knowledge of Conjure Flame by Vehumet.
  3596 | D:4      | Reached skill level 5 in Fighting
  3633 | D:4      | Found a glowing drain.
  3634 | D:4      | Noticed an ice beast
  3656 | D:4      | Killed an ice beast
  3656 | D:4      | Reached skill level 1 in Conjurations
  3665 | D:4      | Reached *** piety under Vehumet
  3685 | D:4      | Reached skill level 1 in Air Magic
  3685 | D:4      | Reached XP level 7. HP: 44/56 MP: 10/10
  3696 | Sewer    | Entered a sewer
  3765 | Sewer    | Noticed Purgy
  3827 | Sewer    | Killed Purgy
  4013 | D:4      | Reached skill level 5 in Polearms
  4660 | D:5      | Entered Level 5 of the Dungeon
  4660 | D:5      | Found a hide-covered altar of Uskayaw.
  4809 | D:5      | Offered knowledge of Sticky Flame by Vehumet.
  4994 | D:5      | Found a corrupted altar of Lugonu.
  5138 | D:5      | Noticed Eustachio
  5363 | D:5      | Killed Eustachio
  5363 | D:5      | Reached skill level 6 in Fighting
  5363 | D:5      | Gained mutation: A demonic guardian rushes to your aid.
                  | [demonic ancestry]
  5363 | D:5      | Reached XP level 8. HP: 48/64 MP: 10/12
  5560 | D:5      | Learned a level 4 spell: Sticky Flame
  5645 | D:5      | Found an ancient bone altar of Kikubaaqudgha.
  5647 | D:5      | Noticed Sigmund
  5682 | D:6      | Found Xatrulla's Food Shoppe.
  6278 | D:6      | Found a bloodstained altar of Trog.
  6288 | D:6      | Reached **** piety under Vehumet
  6302 | D:6      | Offered knowledge of Ignite Poison by Vehumet.
  6945 | D:7      | Reached XP level 9. HP: 48/71 MP: 12/14
  6950 | D:7      | Reached skill level 7 in Fighting
  7389 | D:7      | Reached skill level 5 in Dodging
  7765 | D:7      | Found Loptott's Weapon Shoppe.
  8111 | D:7      | Bought a throwing net for 36 gold pieces
  8475 | D:8      | Found a staircase to the Lair.
  8609 | D:8      | Found Hiphess's General Store.
  8617 | D:8      | Bought a potion of invisibility for 104 gold pieces
  8625 | D:8      | Got a polished hand axe
  8698 | D:8      | Reached skill level 1 in Fire Magic
  8757 | D:8      | Found Jalisak's Magic Scroll Shop.
  8767 | D:8      | Reached skill level 8 in Fighting
  8770 | D:8      | Bought a scroll of identify for 30 gold pieces
  8770 | D:8      | Bought a scroll of teleportation for 45 gold pieces
  8770 | D:8      | Bought a scroll of teleportation for 45 gold pieces
  8770 | D:8      | Bought a scroll of teleportation for 45 gold pieces
  8770 | D:8      | Bought a scroll of enchant weapon for 112 gold pieces
  8770 | D:8      | Bought a scroll of remove curse for 45 gold pieces
  8798 | D:8      | Found a staircase to the Orcish Mines.
  8814 | D:8      | Mangled by a warg

Skill      XL: |  1  2  3  4  5  6  7  8  9 |
---------------+----------------------------+-----
Polearms       | 3 4 5 6 7 |  7.5
Dodging        | 3 4 5 |  5.0
Fighting       | 4 5 6 8 |  8.2
Conjurations   | 1 2 3 4 |  4.4
Air Magic      | 1 2 3 |  3.4
Spellcasting   | 3 4 |  4.5
Fire Magic     | 1 |  1.5
Armour         | |  0.4

Action                   |  1- 3 |  4- 6 |  7- 9 || total
-------------------------+-------+-------+-------++-------
Melee: Trident           |   113 |   225 |   467 ||   805
 Cast: Magic Dart        |       |    18 |    17 ||    35
       Shock             |       |     7 |    90 ||    97
       Sticky Flame      |       |       |     9 ||     9
 Stab: Sleeping          |     2 |       |       ||     2
       Distracted        |       |       |     1 ||     1
  Eat: Chunk             |     2 |     7 |     9 ||    18
       Ration            |       |       |     3 ||     3
Armor: Steam dragon scal |    25 |    70 |    70 ||   165
       Leather armour    |       |       |    85 ||    85
Dodge: Dodged            |    53 |   122 |   298 ||   473
Block: Other             |    12 |    36 |   134 ||   182
       Reflection        |       |     1 |     5 ||     6
